 Dungeon Crawl Stone Soup version 0.30-a0-956-gcec3b41aec (webtiles) character file.

Game seed: 2722454180235055114

93 vishdafish the Conjurer (level 4, 30/30 HPs)
             Began as a Demonspawn Conjurer on Mar 30, 2023.
             Quit the game on level 2 of the Dungeon.
             The game lasted 00:01:41 (2126 turns).

vishdafish the Conjurer (Demonspawn Conjurer)       Turns: 2126, Time: 00:01:42

Health: 30/30      AC:  6    Str:  8    XL:     4   Next: 36%
Magic:  9/9        EV: 12    Int: 27    God:
Gold:   90         SH:  0    Dex: 11    Spells: 8/9 levels left

rFire   . . .      SeeInvis .    e - +0 dagger
rCold   . . .      Faith    .    (no shield)
rNeg    . . .      Spirit   .    a - +0 robe
rPois   .          Reflect  .    m - +0 helmet
rElec   .          Rampage  .    (no cloak)
rCorr   .                        (no gloves)
Will    .....                    (no boots)
Stlth   ++                       (no amulet)
HPRegen 0.25/turn                l - +6 ring of intelligence
MPRegen 0.11/turn                (no ring)

@: no status effects
A: thin metallic scales 2, ignite blood 1
a: no special abilities


You were on level 2 of the Dungeon.
You visited 1 branch of the dungeon, and saw 2 of its levels.

You collected 90 gold pieces.

Inventory:

Hand Weapons
 e - a +0 dagger (weapon)
Armour
 a - a +0 robe (worn)
 m - a +0 helmet (worn)
Jewellery
 l - a +6 ring of intelligence (left hand)
Scrolls
 c - 6 scrolls of identify {unknown}
 d - a scroll of torment {unknown}
 i - a scroll of fear {unknown}
Potions
 b - a potion of magic
 f - 2 potions of ambrosia {unknown}
 g - a potion of curing {unknown}
 h - a potion of haste {unknown}
 j - 2 potions of attraction {unknown}
 k - a potion of heal wounds {unknown}


   Skills:
 - Level 1.7 Dodging
 - Level 1.7 Stealth
 + Level 3.3 Spellcasting
 + Level 5.0 Conjurations


You had 8 spell levels left.
You knew the following spells:

 Your Spells              Type           Power      Damage    Failure   Level
a - Magic Dart            Conj           100%       1d8       1%          1

Your spell library contained the following spells:

 Spells                   Type           Power      Damage    Failure   Level
 Searing Ray              Conj           62%        2d6       1%          2
 Dazzling Flash           Conj/Hex       36%        N/A       9%          3
 Fulminant Prism          Conj/Hex       9%         3d7       30%         4
 Iskenderun's Mystic Bla  Conj/Tloc      18%        2d6       30%         4


Dungeon Overview and Level Annotations

Branches:
Dungeon (2/15)

Altars:


Innate Abilities, Weirdness & Mutations

You are mostly covered in thin metallic scales. (AC +3)
Your demonic aura sometimes causes spilled blood to erupt in flames.


Message History

Things that are here:
a +0 club; a +0 sling; a goblin corpse A dart slug comes into view.
A dart slug is nearby!
A dart slug is nearby!
The magic dart hits the dart slug.
The dart slug is heavily wounded.
The dart slug launches a dart at you. The slug dart hits you.
The magic dart hits the dart slug.
The dart slug is almost dead.
The magic dart hits the dart slug.
You kill the dart slug!
You can't see any susceptible monsters within range! (Use Z to cast anyway.) HP restored.
j - 2 purple potions (gained 1) Jessica the Apprentice Sorceress comes into view.
She is wielding a +0 club.
Jessica is nearby!
Jessica is nearby!
The magic dart hits Jessica but does no damage.
The magic dart hits Jessica.
Jessica is moderately wounded.
The magic dart hits Jessica but does no damage.
Jessica is moderately wounded.
The magic dart hits Jessica.
Jessica is severely wounded.
The magic dart hits Jessica.
You kill Jessica!
Your Conjurations skill increases to level 5!
You have reached level 4!
You feel stronger.
Your demonic ancestry asserts itself...
Your blood heats up.
Things that are here:
a +0 club; a +0 robe
There is an open door here.
There is a stone staircase leading down here.
A hobgoblin comes into view.
A hobgoblin is nearby!
A hobgoblin is nearby!
Are you sure you want to abandon this character and quit the game? (Confirm with "yes".)

# . # #########
..g.....# ## #@#
.# #.# .# #.## .#
#..###### .#
#.......# .#
#..###.## ## #..#
#.# ##########..#
#.# #
#...........###.#


You could see a hobgoblin.

Vanquished Creatures
  Jessica (D:2)
  Natasha (D:2)
  2 dart slugs
  2 bats (D:1)
  6 endoplasms
  2 giant cockroaches
  3 goblins
  7 hobgoblins
  2 ball pythons
  3 frilled lizards (D:1)
  4 kobolds
  6 rats
39 creatures vanquished.

Notes
Turn   | Place    | Note
-------+----------+-------------------------------------------
     0 | D:1      | vishdafish the Demonspawn Conjurer began the quest for the
                  | Orb.
     0 | D:1      | Reached XP level 1. HP: 13/13 MP: 3/3
   149 | D:1      | Found a faded altar of an unknown god.
   217 | D:1      | Gained mutation: You are partially covered in thin metallic
                  | scales. (AC +2) [demonic ancestry]
   217 | D:1      | Reached XP level 2. HP: 9/19 MP: 0/5
  1054 | D:1      | Gained mutation: You are mostly covered in thin metallic
                  | scales. (AC +3) [demonic ancestry]
  1054 | D:1      | Reached XP level 3. HP: 24/24 MP: 4/7
  1408 | D:2      | Noticed Natasha
  1412 | D:2      | Killed Natasha
  1927 | D:2      | Noticed Jessica
  1932 | D:2      | Killed Jessica
  1933 | D:2      | Reached skill level 5 in Conjurations
  1933 | D:2      | Gained mutation: Your demonic aura sometimes causes spilled
                  | blood to erupt in flames. [demonic ancestry]
  1933 | D:2      | Reached XP level 4. HP: 30/30 MP: 2/9
  2126 | D:2      | Quit the game

Illustrated notes

Levels and vault maps discovered:
D:1:      dpeg_arrival_simpleton_a, layout_basic,
          hellmonk_ecumenical_altar_run_dry
D:2:      layout_basic, uniq_natasha, uniq_jessica

Skill      XL: |  1  2  3 |
---------------+----------+-----
Spellcasting   | 3 |  3.3
Conjurations   | 5 |  5.0
Dodging        | |  1.7
Stealth        | |  1.7

Action                     |  1- 3 |  4- 6 || total
---------------------------+-------+-------++-------
  Melee: Dagger            |     5 |       ||     5
         Unarmed           |     2 |       ||     2
   Cast: Magic Dart        |    70 |       ||    70
 Armour: Robe              |     2 |       ||     2
  Dodge: Dodged            |    10 |       ||    10

Table legend: (Time is in decaauts)
 A = Elapsed time spent in this place.
 B = Non-inter-level travel time spent in this place.
 C = Inter-level travel time spent in this place.
 D = Time resting spent in this place.
 E = Time spent auto-exploring this place.
 F = Levels seen in this place.
 G = Mean time per level.
                   A        B        C        D        E       F      G
               +--------+--------+--------+--------+--------+-----+--------+
         Total |   2124 |   2070 |     54 |      0 |   1898 |   2 | 1062.0 |
       Dungeon |   2124 |   2070 |     54 |      0 |   1898 |   2 | 1062.0 |
               +--------+--------+--------+--------+--------+-----+--------+

Top non-repeatable levels by time:
     D:1: 1327 daAuts
     D:2: 797 daAuts
